2320 views
Uploaded 2022-06-20 16:31:56
Game version 1.32.10
48:46 long 3on3 ladder game on (6)Monsoon_LV
Saved by GIGA
2320 views
Uploaded 2022-06-20 16:31:56
Game version 1.32.10
48:46 long 3on3 ladder game on (6)Monsoon_LV


116 units @ 11.6k
/ 1.6k
133 buildings @ 11.9k
/ 5.6k


| Orb of Fire | 1 | 325 |
| Boots of Speed | 1 | 250 |
| Orb of Lightning | 1 | 375 |
| total: | 3 | 950g |
| Peasant | 12 | 900 | / | 0 |
| Mortar Team | 6 | 1080 | / | 420 |
| Flying Machine | 24 | 2400 | / | 720 |
| total: | 42 | 4380g | / | 1140w |
| Scout Tower | 10 | 300 | / | 200 |
| Arcane Tower | 1 | 70 | / | 50 |
| Guard Tower | 3 | 210 | / | 150 |
| Altar of Kings | 2 | 360 | / | 100 |
| Farm | 13 | 1040 | / | 260 |
| Lumber Mill | 1 | 120 | / | 0 |
| Blacksmith | 1 | 140 | / | 60 |
| Workshop | 4 | 560 | / | 560 |
| Keep | 2 | 640 | / | 420 |
| Castle | 1 | 360 | / | 210 |
| total: | 31 | 2520g | / | 1180w |
| 0:02 | Peasant |
| 0:02 | Peasant |
| 0:18 | Altar of Kings |
| 0:21 | Peasant |
| 0:35 | Farm |
| 0:37 | Peasant |
| 0:46 | Peasant |
| 0:49 | Peasant |
| 0:51 | Peasant |
| 1:05 | Lumber Mill |
| 1:09 | Peasant |
| 1:12 | Farm |
| 1:13 | Peasant |
| 1:22 | Peasant |
| 1:33 | Scout Tower |
| 1:35 | Peasant |
| 2:00 | Arcane Tower |
| 2:03 | Peasant |
| 2:11 | Improved Lumber Harvesting |
| 2:31 | Keep |
| 2:47 | Storm Bolt |
| 3:11 | Keep |
| 4:10 | Farm |
| 4:12 | Improved Masonry |
| 4:26 | Blacksmith |
| 4:38 | Scout Tower |
| 4:52 | Farm |
| 5:12 | Scout Tower |
| 5:31 | Castle |
| 5:38 | Workshop |
| 5:39 | Workshop |
| 5:43 | Workshop |
| 5:48 | Advanced Lumber Harvesting |
| 5:49 | Advanced Masonry |
| 6:11 | Workshop |
| 6:23 | Black Gunpowder |
| 6:24 | Iron Plating |
| 6:34 | Holy Light |
| 6:53 | Flak Cannons |
| 6:54 | Flare |
| 7:07 | Bash |
| 7:09 | Bash |
| 7:17 | Farm |
| 7:18 | Farm |
| 7:24 | Scout Tower |
| 7:24 | Scout Tower |
| 7:25 | Scout Tower |
| 7:25 | Scout Tower |
| 7:47 | Mortar Team |
| 7:59 | Flying Machine Bombs |
| 7:59 | Fragmentation Shards |
| 8:52 | Farm |
| 8:58 | Guard Tower |
| 8:59 | Refined Gunpowder |
| 10:06 | Divine Shield |
| 10:42 | Imbued Masonry |
| 10:46 | Flying Machine |
| 10:46 | Flying Machine |
| 10:47 | Flying Machine |
| 10:47 | Flying Machine |
| 10:50 | Imbued Gunpowder |
| 11:19 | Guard Tower |
| 11:23 | Scout Tower |
| 11:23 | Scout Tower |
| 11:24 | Scout Tower |
| 11:52 | Flying Machine |
| 11:53 | Flying Machine |
| 11:53 | Flying Machine |
| 11:53 | Flying Machine |
| 12:01 | Flying Machine |
| 12:02 | Flying Machine |
| 12:02 | Flying Machine |
| 12:02 | Flying Machine |
| 13:09 | Farm |
| 13:10 | Farm |
| 13:11 | Farm |
| 13:13 | Farm |
| 13:14 | Farm |
| 13:17 | Farm |
| 13:22 | Steel Plating |
| 14:44 | Flying Machine |
| 14:44 | Flying Machine |
| 16:29 | Guard Tower |
| 17:52 | Storm Bolt |
| 17:54 | Storm Bolt |
| 17:56 | Divine Shield |
| 19:52 | Holy Light |
| 27:17 | Bash |
| 27:19 | Bash |
| 28:38 | Flying Machine |
| 28:39 | Flying Machine |
| 28:39 | Flying Machine |
| 28:39 | Flying Machine |
| 28:39 | Flying Machine |
| 28:39 | Flying Machine |
| 28:40 | Flying Machine |
| 28:49 | Orb of Fire |
| 28:57 | Orb of Lightning |
| 29:18 | Flying Machine |
| 29:18 | Flying Machine |
| 29:19 | Flying Machine |
| 29:30 | Mithril Plating |
| 31:14 | Mortar Team |
| 31:15 | Mortar Team |
| 32:39 | Divine Shield |
| 34:40 | Mortar Team |
| 34:40 | Mortar Team |
| 37:15 | Altar of Kings |
| 39:38 | Mortar Team |
| 40:18 | Storm Bolt |
| 40:19 | Bash |
| 41:47 | Boots of Speed |
| 45:00 | Divine Shield |
| 45:02 | Avatar |
| 46:36 | Avatar |
| 48:21 | Holy Light |
| Right click | 2008 |
| Select group | 758 |
| Select | 436 |
| Misc. action | 160 |
| Use ability | 117 |
| Build/train/purchase | 109 |
| Resource trade | 24 |
| Assign group | 19 |
| Chat | 18 |
| Esc | 12 |
| Minimap ping | 8 |
| Remove unit | 4 |
| Item give/drop | 3 |
GIGA
(207)
(48:40) : 


| Peasant | 21 | 1575 | / | 0 |
| Dragonhawk Rider | 8 | 1600 | / | 240 |
| Sorceress | 3 | 465 | / | 60 |
| total: | 32 | 3640g | / | 300w |
| Scout Tower | 57 | 1710 | / | 1140 |
| Arcane Tower | 9 | 630 | / | 450 |
| Guard Tower | 16 | 1120 | / | 800 |
| Altar of Kings | 3 | 540 | / | 150 |
| Farm | 10 | 800 | / | 200 |
| Lumber Mill | 2 | 240 | / | 0 |
| Town Hall | 2 | 770 | / | 410 |
| Arcane Vault | 1 | 130 | / | 30 |
| Blacksmith | 1 | 140 | / | 60 |
| Barracks | 1 | 160 | / | 60 |
| Arcane Sanctum | 1 | 150 | / | 140 |
| Gryphon Aviary | 2 | 280 | / | 300 |
| Keep | 3 | 960 | / | 630 |
| Castle | 2 | 720 | / | 420 |
| total: | 80 | 4920g | / | 2490w |
| 0:04 | Peasant |
| 0:04 | Peasant |
| 0:10 | Altar of Kings |
| 0:14 | Farm |
| 0:14 | Farm |
| 0:16 | Peasant |
| 0:42 | Peasant |
| 0:51 | Peasant |
| 0:51 | Peasant |
| 1:03 | Lumber Mill |
| 1:05 | Peasant |
| 1:12 | Peasant |
| 1:16 | Peasant |
| 1:28 | Peasant |
| 1:31 | Farm |
| 2:04 | Peasant |
| 2:49 | Storm Bolt |
| 2:58 | Scout Tower |
| 3:09 | Town Hall |
| 3:59 | Scout Tower |
| 4:00 | Scout Tower |
| 4:01 | Scout Tower |
| 4:10 | Peasant |
| 4:10 | Peasant |
| 4:11 | Peasant |
| 4:11 | Peasant |
| 4:16 | Improved Masonry |
| 4:16 | Improved Lumber Harvesting |
| 4:27 | Arcane Tower |
| 4:32 | Guard Tower |
| 4:35 | Guard Tower |
| 4:37 | Scout Tower |
| 4:38 | Scout Tower |
| 4:43 | Scout Tower |
| 4:45 | Guard Tower |
| 4:47 | Scout Tower |
| 4:47 | Scout Tower |
| 4:48 | Scout Tower |
| 4:49 | Scout Tower |
| 4:51 | Scout Tower |
| 4:52 | Scout Tower |
| 4:53 | Scout Tower |
| 4:54 | Scout Tower |
| 4:55 | Scout Tower |
| 4:56 | Scout Tower |
| 4:57 | Scout Tower |
| 5:11 | Keep |
| 5:15 | Guard Tower |
| 5:23 | Peasant |
| 5:23 | Peasant |
| 5:24 | Peasant |
| 5:36 | Guard Tower |
| 5:39 | Guard Tower |
| 6:07 | Guard Tower |
| 6:08 | Arcane Tower |
| 6:09 | Arcane Tower |
| 6:33 | Keep |
| 6:40 | Scout Tower |
| 6:45 | Arcane Tower |
| 6:48 | Guard Tower |
| 6:56 | Peasant |
| 7:00 | Peasant |
| 7:06 | Guard Tower |
| 7:09 | Scout Tower |
| 7:10 | Scout Tower |
| 7:11 | Scout Tower |
| 7:11 | Scout Tower |
| 7:12 | Scout Tower |
| 7:12 | Scout Tower |
| 7:13 | Scout Tower |
| 7:14 | Scout Tower |
| 7:14 | Scout Tower |
| 7:15 | Scout Tower |
| 7:17 | Scout Tower |
| 7:17 | Scout Tower |
| 7:19 | Scout Tower |
| 7:20 | Scout Tower |
| 7:20 | Scout Tower |
| 7:21 | Scout Tower |
| 7:23 | Scout Tower |
| 7:25 | Scout Tower |
| 7:25 | Scout Tower |
| 7:26 | Scout Tower |
| 7:28 | Scout Tower |
| 7:29 | Scout Tower |
| 7:31 | Scout Tower |
| 7:31 | Scout Tower |
| 7:32 | Scout Tower |
| 7:33 | Scout Tower |
| 7:34 | Scout Tower |
| 7:35 | Scout Tower |
| 7:37 | Scout Tower |
| 7:37 | Scout Tower |
| 7:38 | Scout Tower |
| 8:21 | Guard Tower |
| 8:26 | Guard Tower |
| 8:48 | Peasant |
| 9:00 | Guard Tower |
| 9:02 | Guard Tower |
| 9:05 | Advanced Masonry |
| 9:53 | Castle |
| 10:07 | Arcane Tower |
| 10:10 | Arcane Tower |
| 10:12 | Arcane Tower |
| 10:14 | Guard Tower |
| 10:38 | Altar of Kings |
| 11:08 | Arcane Tower |
| 11:11 | Guard Tower |
| 11:21 | Arcane Tower |
| 11:26 | Arcane Sanctum |
| 11:33 | Holy Light |
| 12:13 | Imbued Masonry |
| 13:15 | Priest Adept Training |
| 13:15 | Sorceress Adept Training |
| 13:20 | Lumber Mill |
| 13:23 | Guard Tower |
| 15:01 | Gryphon Aviary |
| 15:03 | Arcane Vault |
| 17:14 | Cloud |
| 17:16 | Farm |
| 17:18 | Farm |
| 17:20 | Farm |
| 17:20 | Farm |
| 19:12 | Town Hall |
| 19:15 | Dragonhawk Rider |
| 19:15 | Dragonhawk Rider |
| 19:15 | Dragonhawk Rider |
| 20:23 | Magic Sentry |
| 22:50 | Sorceress |
| 22:50 | Sorceress |
| 22:51 | Sorceress |
| 22:53 | Dragonhawk Rider |
| 22:53 | Dragonhawk Rider |
| 22:53 | Dragonhawk Rider |
| 22:53 | Dragonhawk Rider |
| 22:54 | Dragonhawk Rider |
| 23:25 | Holy Light |
| 24:16 | Farm |
| 24:18 | Farm |
| 24:41 | Farm |
| 24:59 | Gryphon Aviary |
| 27:43 | Blacksmith |
| 27:49 | Barracks |
| 28:48 | Scout Tower |
| 28:49 | Scout Tower |
| 28:50 | Scout Tower |
| 28:51 | Scout Tower |
| 28:53 | Scout Tower |
| 28:54 | Scout Tower |
| 28:56 | Scout Tower |
| 37:57 | Storm Bolt |
| 38:15 | Storm Bolt |
| 38:18 | Altar of Kings |
| 42:50 | Brilliance Aura |
| 43:29 | Divine Shield |
| 48:30 | Resurrection |
| Select group | 2403 |
| Right click | 2396 |
| Select | 423 |
| Chat | 396 |
| Build/train/purchase | 104 |
| Use ability | 93 |
| Resource trade | 55 |
| Assign group | 17 |
| Misc. action | 6 |
| Minimap ping | 6 |
| Esc | 5 |
Cabeelibob
(194)
(48:20) : 
x1)
| Lesser Clarity Potion | 3 | 210 |
| Healing Salve | 3 | 300 |
| Orb of Lightning | 1 | 375 |
| Tiny Great Hall | 3 | 1800 |
| Staff of Teleportation | 1 | 150 |
| Boots of Speed | 3 | 750 |
| Tome of Retraining | 1 | 300 |
| total: | 15 | 3885g |
| Peon | 36 | 2700 | / | 0 |
| Shaman | 1 | 130 | / | 20 |
| Troll Witch Doctor | 5 | 725 | / | 125 |
| total: | 42 | 3555g | / | 145w |
| Watch Tower | 4 | 440 | / | 320 |
| Altar of Storms | 3 | 540 | / | 150 |
| Orc Burrow | 4 | 640 | / | 160 |
| War Mill | 2 | 410 | / | 0 |
| Voodoo Lounge | 2 | 260 | / | 60 |
| Great Hall | 5 | 1925 | / | 925 |
| Spirit Lodge | 1 | 150 | / | 150 |
| Beastiary | 1 | 145 | / | 140 |
| Stronghold | 1 | 315 | / | 190 |
| Fortress | 1 | 325 | / | 190 |
| total: | 22 | 4510g | / | 1905w |
| 0:08 | Altar of Storms |
| 0:14 | Orc Burrow |
| 0:16 | Peon |
| 0:18 | Peon |
| 0:34 | Peon |
| 0:39 | Peon |
| 0:51 | Peon |
| 1:07 | War Mill |
| 1:18 | Peon |
| 1:33 | Peon |
| 1:45 | Orc Burrow |
| 2:12 | Peon |
| 2:17 | Wind Walk |
| 2:33 | Peon |
| 2:45 | Peon |
| 4:11 | Voodoo Lounge |
| 4:15 | Spiked Barricades |
| 5:01 | Peon |
| 5:01 | Peon |
| 5:18 | Lesser Clarity Potion |
| 5:24 | Healing Salve |
| 5:39 | Voodoo Lounge |
| 5:42 | Orc Burrow |
| 7:03 | War Mill |
| 8:30 | Orc Burrow |
| 8:34 | Watch Tower |
| 8:34 | Watch Tower |
| 8:35 | Watch Tower |
| 9:18 | Great Hall |
| 10:15 | Watch Tower |
| 11:34 | Staff of Teleportation |
| 11:34 | Boots of Speed |
| 13:30 | Mirror Image |
| 14:03 | Stronghold |
| 14:30 | Critical Strike |
| 15:55 | Tome of Retraining |
| 15:55 | Retrain Hero |
| 16:01 | Wind Walk |
| 16:02 | Critical Strike |
| 16:02 | Critical Strike |
| 16:21 | Great Hall |
| 16:27 | Altar of Storms |
| 17:18 | Great Hall |
| 18:20 | Fortress |
| 19:00 | Peon |
| 19:00 | Peon |
| 19:00 | Peon |
| 19:00 | Peon |
| 19:38 | Reinforced Defenses |
| 19:44 | Wind Walk |
| 20:15 | Healing Salve |
| 20:23 | Lesser Clarity Potion |
| 20:51 | Boots of Speed |
| 20:51 | Boots of Speed |
| 21:47 | Peon |
| 21:47 | Peon |
| 21:48 | Peon |
| 21:48 | Peon |
| 22:53 | Spirit Lodge |
| 22:59 | Beastiary |
| 23:07 | Orb of Lightning |
| 24:38 | Witch Doctor Adept Training |
| 24:41 | War Drums Damage Increase |
| 27:04 | Witch Doctor Master Training |
| 27:09 | Shaman |
| 27:09 | Troll Witch Doctor |
| 27:10 | Troll Witch Doctor |
| 27:10 | Troll Witch Doctor |
| 27:12 | Troll Witch Doctor |
| 32:51 | Critical Strike |
| 32:56 | Tiny Great Hall |
| 34:03 | Altar of Storms |
| 35:02 | Great Hall |
| 36:00 | Troll Witch Doctor |
| 37:48 | Great Hall |
| 38:38 | Bladestorm |
| 38:44 | Tiny Great Hall |
| 39:16 | Peon |
| 39:17 | Peon |
| 39:17 | Peon |
| 39:17 | Peon |
| 39:17 | Peon |
| 41:04 | Tiny Great Hall |
| 41:14 | Peon |
| 41:15 | Peon |
| 41:15 | Peon |
| 41:15 | Peon |
| 42:49 | Peon |
| 42:49 | Peon |
| 43:21 | Lesser Clarity Potion |
| 43:28 | Healing Salve |
| 43:43 | Peon |
| 43:44 | Peon |
| 43:44 | Peon |
| 43:44 | Peon |
| 43:44 | Peon |
| 45:27 | Wind Walk |
| Right click | 1408 |
| Select | 251 |
| Chat | 246 |
| Select group | 170 |
| Misc. action | 126 |
| Build/train/purchase | 123 |
| Resource trade | 105 |
| Use ability | 23 |
| Minimap ping | 10 |
| Assign group | 9 |
| Remove unit | 5 |
| Item give/drop | 2 |
| Esc | 2 |
145 units @ 23.1k
/ 3.7k
138 buildings @ 21.6k
/ 10.5k
Cns6445
(2)
(48:23) : 

| Healing Salve | 2 | 200 |
| Lesser Clarity Potion | 2 | 140 |
| Potion of Healing | 1 | 150 |
| Scroll of Town Portal | 7 | 2450 |
| Scroll of Healing | 2 | 500 |
| Potion of Lesser Invulnerability | 2 | 300 |
| Orb of Corruption | 1 | 375 |
| total: | 17 | 4115g |
| Peon | 17 | 1275 | / | 0 |
| Grunt | 6 | 1200 | / | 0 |
| Troll Witch Doctor | 4 | 580 | / | 100 |
| Tauren | 3 | 840 | / | 240 |
| Spirit Walker | 3 | 585 | / | 105 |
| Shaman | 2 | 260 | / | 40 |
| Troll Batrider | 5 | 800 | / | 200 |
| Troll Headhunter | 10 | 1400 | / | 200 |
| Chimaera | 2 | 660 | / | 140 |
| Archer | 2 | 260 | / | 20 |
| total: | 54 | 7860g | / | 1045w |
| Watch Tower | 38 | 4180 | / | 3040 |
| Altar of Storms | 3 | 540 | / | 150 |
| Orc Burrow | 16 | 2560 | / | 640 |
| Barracks | 5 | 900 | / | 250 |
| Voodoo Lounge | 1 | 130 | / | 30 |
| War Mill | 2 | 410 | / | 0 |
| Great Hall | 3 | 1155 | / | 555 |
| Spirit Lodge | 2 | 300 | / | 300 |
| Tauren Totem | 3 | 405 | / | 465 |
| Beastiary | 2 | 290 | / | 280 |
| Stronghold | 3 | 945 | / | 570 |
| Fortress | 1 | 325 | / | 190 |
| Tree of Life | 1 | 340 | / | 185 |
| Ancient of War | 4 | 600 | / | 240 |
| total: | 80 | 11810g | / | 6135w |
| 0:02 | Peon |
| 0:02 | Peon |
| 0:06 | Altar of Storms |
| 0:09 | Altar of Storms |
| 0:19 | Orc Burrow |
| 0:24 | Peon |
| 0:34 | Barracks |
| 0:46 | Peon |
| 1:02 | Peon |
| 1:03 | Peon |
| 1:28 | Orc Burrow |
| 1:31 | Peon |
| 1:36 | Grunt |
| 2:06 | Peon |
| 2:10 | Voodoo Lounge |
| 2:22 | Peon |
| 2:29 | War Mill |
| 2:40 | Peon |
| 2:46 | Grunt |
| 2:50 | War Stomp |
| 2:56 | Peon |
| 3:12 | Grunt |
| 3:32 | Orc Burrow |
| 3:37 | Pillage |
| 4:09 | Grunt |
| 4:31 | Stronghold |
| 4:32 | Spiked Barricades |
| 4:48 | Watch Tower |
| 4:50 | Watch Tower |
| 5:10 | Watch Tower |
| 5:14 | Watch Tower |
| 5:17 | Endurance Aura |
| 5:24 | Grunt |
| 6:14 | Healing Salve |
| 6:14 | Healing Salve |
| 6:14 | Lesser Clarity Potion |
| 6:36 | Grunt |
| 6:50 | Lesser Clarity Potion |
| 6:56 | Great Hall |
| 6:58 | Watch Tower |
| 7:02 | Berserker Strength |
| 7:04 | Reinforced Defenses |
| 8:12 | Watch Tower |
| 8:17 | War Stomp |
| 8:35 | Fortress |
| 8:42 | Spirit Lodge |
| 8:45 | Spirit Lodge |
| 9:17 | Watch Tower |
| 9:33 | Peon |
| 9:33 | Peon |
| 9:33 | Peon |
| 9:34 | Peon |
| 10:02 | Witch Doctor Adept Training |
| 10:03 | Troll Witch Doctor |
| 10:41 | Tauren Totem |
| 10:43 | Troll Witch Doctor |
| 11:19 | Witch Doctor Master Training |
| 11:48 | Troll Witch Doctor |
| 11:56 | Tauren Totem |
| 12:30 | Troll Witch Doctor |
| 12:33 | Tauren |
| 12:37 | Orc Burrow |
| 13:23 | Orc Burrow |
| 13:25 | Orc Burrow |
| 13:31 | Peon |
| 13:31 | Peon |
| 13:46 | Tauren |
| 14:26 | Spirit Walker |
| 14:30 | Tauren Totem |
| 14:31 | Steel Melee Weapons |
| 14:56 | Troll Regeneration |
| 14:58 | Shaman Adept Training |
| 15:00 | Shaman |
| 15:02 | Tauren |
| 15:08 | Endurance Aura |
| 15:34 | Shaman |
| 15:40 | Spirit Walker Adept Training |
| 15:42 | Pulverize |
| 15:51 | Spirit Walker |
| 16:18 | Chain Lighting |
| 16:30 | Watch Tower |
| 16:50 | Scroll of Town Portal |
| 16:50 | Scroll of Town Portal |
| 17:25 | Watch Tower |
| 17:26 | Watch Tower |
| 17:37 | Watch Tower |
| 18:27 | Beastiary |
| 18:51 | Scroll of Town Portal |
| 18:51 | Scroll of Town Portal |
| 18:58 | Scroll of Town Portal |
| 18:59 | Potion of Lesser Invulnerability |
| 19:00 | Scroll of Healing |
| 20:10 | Spirit Walker Master Training |
| 20:11 | Shaman Master Training |
| 20:16 | Orc Burrow |
| 20:28 | Beastiary |
| 21:03 | Orc Burrow |
| 21:59 | Troll Batrider |
| 22:41 | Feral Spirit |
| 22:47 | Troll Batrider |
| 23:07 | Watch Tower |
| 23:09 | Watch Tower |
| 23:11 | Watch Tower |
| 23:21 | Troll Batrider |
| 23:54 | Troll Batrider |
| 24:46 | War Stomp |
| 24:55 | Scroll of Town Portal |
| 24:55 | Potion of Lesser Invulnerability |
| 26:01 | Thorium Melee Weapons |
| 26:06 | War Mill |
| 27:54 | Troll Batrider |
| 28:51 | Chimaera |
| 29:02 | Tree of Life |
| 30:18 | Chimaera |
| 30:39 | Ancient of War |
| 30:41 | Ancient of War |
| 30:57 | Ancient of War |
| 31:00 | Ancient of War |
| 31:12 | Great Hall |
| 31:16 | Watch Tower |
| 31:16 | Watch Tower |
| 31:18 | Watch Tower |
| 31:19 | Watch Tower |
| 32:14 | Archer |
| 32:14 | Archer |
| 33:39 | Chain Lighting |
| 35:05 | Great Hall |
| 36:16 | Feral Spirit |
| 36:19 | Reincarnation |
| 37:10 | Orc Burrow |
| 37:10 | Orc Burrow |
| 37:11 | Orc Burrow |
| 38:11 | Stronghold |
| 38:15 | Watch Tower |
| 38:15 | Watch Tower |
| 38:17 | Watch Tower |
| 38:19 | Altar of Storms |
| 38:22 | Spirit Walker |
| 38:29 | Barracks |
| 38:30 | Barracks |
| 38:33 | Barracks |
| 38:35 | Watch Tower |
| 38:36 | Watch Tower |
| 38:39 | Watch Tower |
| 38:43 | Watch Tower |
| 39:04 | Watch Tower |
| 39:34 | Troll Headhunter |
| 39:34 | Troll Headhunter |
| 39:35 | Troll Headhunter |
| 39:35 | Troll Headhunter |
| 39:39 | Barracks |
| 39:43 | Watch Tower |
| 39:44 | Watch Tower |
| 39:47 | Watch Tower |
| 39:48 | Watch Tower |
| 39:51 | Watch Tower |
| 40:06 | Watch Tower |
| 40:07 | Watch Tower |
| 40:08 | Watch Tower |
| 40:11 | Troll Headhunter |
| 40:13 | Stronghold |
| 40:22 | Watch Tower |
| 40:23 | Watch Tower |
| 40:28 | Watch Tower |
| 40:29 | Steel Armor |
| 41:32 | Watch Tower |
| 43:03 | Orc Burrow |
| 43:24 | Orc Burrow |
| 43:26 | Orc Burrow |
| 45:15 | Troll Headhunter |
| 45:21 | Orc Burrow |
| 45:22 | Orc Burrow |
| 45:58 | Scroll of Town Portal |
| 45:58 | Potion of Healing |
| 46:00 | Orb of Corruption |
| 46:01 | Scroll of Healing |
| 46:17 | Troll Headhunter |
| 46:33 | Troll Headhunter |
| 47:34 | Troll Headhunter |
| 47:34 | Troll Headhunter |
| Right click | 2129 |
| Select group | 1293 |
| Select | 919 |
| Build/train/purchase | 157 |
| Misc. action | 86 |
| Use ability | 80 |
| Assign group | 72 |
| Resource trade | 50 |
| Chat | 38 |
| Minimap ping | 35 |
| Esc | 6 |
| Item give/drop | 3 |
| Remove unit | 2 |



| Wisp | 14 | 840 | / | 0 |
| Chimaera | 7 | 2310 | / | 490 |
| Hippogryph | 10 | 1600 | / | 200 |
| total: | 31 | 4750g | / | 690w |
| Altar of Elders | 1 | 180 | / | 50 |
| Moon Well | 8 | 1440 | / | 320 |
| Hunter's Hall | 1 | 210 | / | 100 |
| Tree of Life | 3 | 1020 | / | 555 |
| Ancient of Wind | 4 | 600 | / | 560 |
| Chimaera Roost | 3 | 420 | / | 570 |
| Tree of Ages | 1 | 320 | / | 180 |
| Tree of Eternity | 1 | 330 | / | 200 |
| total: | 20 | 3870g | / | 2155w |
| 0:03 | Wisp |
| 0:04 | Wisp |
| 0:04 | Wisp |
| 0:04 | Wisp |
| 0:10 | Altar of Elders |
| 0:15 | Moon Well |
| 1:29 | Moon Well |
| 1:30 | Wisp |
| 1:30 | Wisp |
| 1:30 | Wisp |
| 1:40 | Moon Well |
| 1:48 | Wisp |
| 2:22 | Pocket Factory |
| 2:40 | Tree of Ages |
| 2:59 | Hunter's Hall |
| 3:46 | Moon Well |
| 4:25 | Moon Well |
| 4:38 | Moon Well |
| 5:07 | Tree of Eternity |
| 5:12 | Moon Well |
| 5:38 | Strength of the Wild |
| 6:21 | Trueshot Aura |
| 7:08 | Moon Well |
| 7:52 | Chimaera Roost |
| 7:53 | Chimaera Roost |
| 7:55 | Wisp |
| 7:55 | Wisp |
| 8:00 | Chimaera Roost |
| 8:32 | Wisp |
| 8:32 | Wisp |
| 8:46 | Tree of Life |
| 8:49 | Engineering Upgrade |
| 9:06 | Searing Arrows |
| 9:17 | Reinforced Hides |
| 9:23 | Chimaera |
| 9:32 | Wisp |
| 9:32 | Wisp |
| 9:47 | Chimaera |
| 10:16 | Corrosive Breath |
| 10:44 | Chimaera |
| 11:30 | Improved Reinforced Hides |
| 12:33 | Healing Spray |
| 12:50 | Chimaera |
| 14:30 | Ancient of Wind |
| 14:32 | Ancient of Wind |
| 15:40 | Chimaera |
| 15:41 | Chimaera |
| 16:13 | Chimaera |
| 16:23 | Hippogryph |
| 16:24 | Hippogryph |
| 16:33 | Ancient of Wind |
| 17:06 | Ancient of Wind |
| 17:59 | Hippogryph |
| 17:59 | Hippogryph |
| 18:00 | Hippogryph |
| 18:00 | Hippogryph |
| 18:23 | Tree of Life |
| 18:48 | Hippogryph |
| 18:48 | Hippogryph |
| 18:49 | Hippogryph |
| 22:38 | Hippogryph |
| 22:52 | Tree of Life |
| Select group | 420 |
| Select | 234 |
| Right click | 157 |
| Misc. action | 110 |
| Assign group | 63 |
| Build/train/purchase | 47 |
| Minimap ping | 30 |
| Use ability | 14 |
| Resource trade | 6 |
| Remove unit | 2 |



| Rod of Necromancy | 3 | 450 |
| Potion of Mana | 1 | 200 |
| Orb of Corruption | 2 | 750 |
| Potion of Healing | 2 | 300 |
| Dust of Appearance | 1 | 75 |
| Scroll of Town Portal | 7 | 2450 |
| Scroll of Healing | 1 | 250 |
| Potion of Lesser Invulnerability | 1 | 150 |
| Orb of Lightning | 1 | 375 |
| total: | 19 | 5000g |
| Acolyte | 24 | 1800 | / | 0 |
| Ghoul | 4 | 480 | / | 0 |
| Crypt Fiend | 9 | 1935 | / | 360 |
| Obsidian Statue | 6 | 1200 | / | 210 |
| Meat Wagon | 7 | 1610 | / | 350 |
| Frost Wyrm | 8 | 3080 | / | 960 |
| Gnoll Warden | 1 | 215 | / | 20 |
| Gnoll Brute | 1 | 215 | / | 20 |
| total: | 60 | 10535g | / | 1920w |
| Nerubian Tower | 6 | 600 | / | 120 |
| Spirit Tower | 11 | 1595 | / | 440 |
| Crypt | 1 | 200 | / | 50 |
| Altar of Darkness | 1 | 180 | / | 50 |
| Ziggurat | 28 | 4200 | / | 1400 |
| Tomb of Relics | 1 | 130 | / | 30 |
| Graveyard | 1 | 215 | / | 0 |
| Necropolis | 2 | 450 | / | 0 |
| Slaughterhouse | 1 | 140 | / | 135 |
| Sacrificial Pit | 1 | 75 | / | 150 |
| Boneyard | 2 | 350 | / | 400 |
| Halls of the Dead | 2 | 640 | / | 420 |
| Black Citadel | 2 | 650 | / | 460 |
| total: | 38 | 5940g | / | 2215w |
| 0:07 | Acolyte |
| 0:11 | Crypt |
| 0:14 | Altar of Darkness |
| 0:26 | Ziggurat |
| 0:44 | Acolyte |
| 0:54 | Acolyte |
| 1:01 | Tomb of Relics |
| 1:13 | Ghoul |
| 1:33 | Graveyard |
| 1:51 | Ghoul |
| 2:08 | Ziggurat |
| 2:17 | Death Coil |
| 2:18 | Rod of Necromancy |
| 2:18 | Rod of Necromancy |
| 3:32 | Crypt Fiend |
| 4:12 | Halls of the Dead |
| 4:16 | Ziggurat |
| 4:25 | Rod of Necromancy |
| 4:26 | Dust of Appearance |
| 4:48 | Nerubian Tower |
| 4:52 | Crypt Fiend |
| 5:11 | Gnoll Warden |
| 5:14 | Gnoll Brute |
| 5:38 | Death Pact |
| 5:44 | Crypt Fiend |
| 6:11 | Crypt Fiend |
| 6:48 | Black Citadel |
| 6:52 | Spirit Tower |
| 7:46 | Death Coil |
| 8:02 | Slaughterhouse |
| 8:09 | Potion of Mana |
| 8:15 | Frost Nova |
| 8:34 | Scroll of Town Portal |
| 8:44 | Burrow |
| 8:59 | Creature Attack |
| 9:30 | Potion of Lesser Invulnerability |
| 9:35 | Obsidian Statue |
| 9:43 | Acolyte |
| 10:08 | Acolyte |
| 10:09 | Acolyte |
| 11:02 | Acolyte |
| 11:05 | Ziggurat |
| 11:31 | Sacrificial Pit |
| 11:37 | Ziggurat |
| 11:39 | Ziggurat |
| 11:50 | Improved Creature Attack |
| 12:02 | Ziggurat |
| 12:04 | Ziggurat |
| 12:07 | Ziggurat |
| 12:12 | Ziggurat |
| 12:16 | Ziggurat |
| 12:25 | Ziggurat |
| 12:56 | Spirit Tower |
| 12:58 | Spirit Tower |
| 13:04 | Spirit Tower |
| 13:09 | Acolyte |
| 13:09 | Acolyte |
| 13:21 | Spirit Tower |
| 13:21 | Nerubian Tower |
| 13:22 | Frost Armor |
| 13:29 | Nerubian Tower |
| 13:56 | Acolyte |
| 13:57 | Acolyte |
| 13:59 | Meat Wagon |
| 14:46 | Meat Wagon |
| 14:46 | Meat Wagon |
| 15:09 | Web |
| 15:11 | Ghoul |
| 16:26 | Crypt Fiend |
| 17:12 | Death Pact |
| 17:14 | Destroyer Form |
| 17:16 | Orb of Corruption |
| 17:22 | Scroll of Town Portal |
| 17:57 | Orb of Lightning |
| 18:04 | Acolyte |
| 18:56 | Necropolis |
| 19:08 | Necropolis |
| 19:30 | Obsidian Statue |
| 19:44 | Scroll of Town Portal |
| 20:20 | Obsidian Statue |
| 20:38 | Obsidian Statue |
| 20:49 | Acolyte |
| 20:50 | Acolyte |
| 20:50 | Acolyte |
| 20:50 | Acolyte |
| 20:50 | Acolyte |
| 22:09 | Ziggurat |
| 22:11 | Ziggurat |
| 23:34 | Obsidian Statue |
| 23:51 | Halls of the Dead |
| 24:32 | Ziggurat |
| 24:35 | Acolyte |
| 24:35 | Acolyte |
| 24:35 | Acolyte |
| 24:35 | Acolyte |
| 24:35 | Acolyte |
| 26:16 | Nerubian Tower |
| 26:18 | Ziggurat |
| 26:20 | Ziggurat |
| 26:31 | Black Citadel |
| 26:34 | Scroll of Town Portal |
| 26:51 | Spirit Tower |
| 26:54 | Ziggurat |
| 26:56 | Ziggurat |
| 27:19 | Ziggurat |
| 27:46 | Creature Carapace |
| 27:58 | Ziggurat |
| 28:25 | Ziggurat |
| 28:26 | Ziggurat |
| 28:29 | Ziggurat |
| 29:06 | Crypt Fiend |
| 29:07 | Crypt Fiend |
| 29:10 | Spirit Tower |
| 29:17 | Nerubian Tower |
| 29:42 | Improved Creature Carapace |
| 29:52 | Orb of Corruption |
| 29:54 | Sleep |
| 30:16 | Boneyard |
| 30:32 | Nerubian Tower |
| 30:41 | Meat Wagon |
| 30:41 | Meat Wagon |
| 30:55 | Acolyte |
| 31:36 | Frost Wyrm |
| 31:36 | Frost Wyrm |
| 32:42 | Potion of Healing |
| 32:43 | Scroll of Town Portal |
| 34:05 | Ziggurat |
| 34:07 | Vampiric Aura |
| 34:14 | Frost Wyrm |
| 34:19 | Boneyard |
| 34:54 | Potion of Healing |
| 37:03 | Death Coil |
| 37:04 | Frost Nova |
| 37:18 | Frost Wyrm |
| 37:24 | Spirit Tower |
| 37:40 | Frost Wyrm |
| 37:40 | Frost Wyrm |
| 37:42 | Crypt Fiend |
| 37:42 | Crypt Fiend |
| 37:55 | Obsidian Statue |
| 37:56 | Meat Wagon |
| 37:56 | Meat Wagon |
| 37:58 | Scroll of Town Portal |
| 37:58 | Scroll of Healing |
| 39:54 | Spirit Tower |
| 40:35 | Ziggurat |
| 41:17 | Sleep |
| 41:49 | Frost Wyrm |
| 42:05 | Spirit Tower |
| 42:48 | Ziggurat |
| 42:49 | Ziggurat |
| 43:00 | Ghoul |
| 43:05 | Frost Wyrm |
| 43:19 | Scroll of Town Portal |
| 43:37 | Spirit Tower |
| 43:45 | Acolyte |
| Select group | 3135 |
| Right click | 1887 |
| Select | 1242 |
| Misc. action | 621 |
| Chat | 369 |
| Build/train/purchase | 153 |
| Assign group | 140 |
| Minimap ping | 96 |
| Use ability | 92 |
| Resource trade | 49 |
| Item give/drop | 4 |
| Remove unit | 3 |
| Esc | 1 |